Unix NetHack Version 5.0.0-0 post-release - last build May 10 2026 23:12:36 (d1fa5d53e341ca933230fdaa984d921c805b60aa,branch:main).

Game began 2026-05-15 19:37:19, ended 2026-05-15 20:07:31.

BaeHund, neutral female gnomish Cavewoman

                                       -- ----               --
                                  --- --.--.|.---           --.
                                  |............|.--          ..
                                     ..............--         ..-
                                       -............|  ----   -..
                                    -......... %....----..--   ...
                                         -......*.a@.--....-----*.--
                                         --........d..........---..----
                                       ------> ---........^..).---....--- ..
                                     -.......(...........(.d..).)).*......-
                                     |  -----------...........------....---
                                                 |............-    ---...----
                                                 -..--.|.|.....-     |....<.|
                                                ...--------.--...    ---..*.|
                                               ....       --- ....-    |..---
                                              -...            -....-   ----
                                              |...             .....
                                              -...              ...--
                                              ....              .---
                                              .--               --
                                             --
BaeHund the Aborigine    St:18/10 Dx:10 Co:17 In:10 Wi:8 Ch:10  Neutral
Dlvl:5  $:23 HP:0(32) Pw:15(15) AC:0  Xp:4 T:1443 

Latest messages:
 What do you want to use or apply? [dglrsuw-y or ?*] d
 You produce a high whistling sound.
 What do you want to drop? [$a-df-su-y or ?*] d
 You drop a whistle.
 You feel your magical energy drain away!
 b - a +2 sling (weapon in right hand).
 a - a +1 club (alternate weapon; not wielded).
 In what direction? j
 You shoot 2 flint stones.
 The 1st flint stone hits the floating eye.
 The 2nd flint stone hits the floating eye.
 In what direction? j
 The flint stone hits the floating eye.
 In what direction? j
 The flint stone misses the floating eye.
 In what direction? j
 You kill the floating eye!
 Welcome to experience level 4.
 You see here 5 uncursed flint stones.
 c - 5 uncursed flint stones (in quiver pouch) (21 in total).
 In what direction? h
 The flint stone misses the fire ant.
 You begin bashing monsters with your sling.
 You miss the fire ant.
 The fire ant bites!
 The fire ant bites again!
 You're on fire!
 You miss the fire ant.
 The fire ant bites!
 The fire ant bites again!
 You avoid harm.
 The fire ant bites!
 The fire ant misses!
 You hit the fire ant.
 The fire ant bites!
 The fire ant bites again!
 You avoid harm.
 You miss the fire ant.
 The fire ant misses!
 The fire ant bites!
 You avoid harm.
 You miss the fire ant.
 The fire ant bites!
 The fire ant bites again!
 You're on fire!
 The fire ant bites!
 You die...
 Do you want your possessions identified? [ynq] (y) y
 Do you want to see your attributes? [ynq] (y) y
 Do you want an account of creatures vanquished? [ynaq] (y) q

Inventory:
 Coins    ('$')
  $ - 23 gold pieces
 Amulets  ('"')
  f - a cursed amulet of restful sleep
 Weapons  (')')
  b - a +2 sling (weapon in right hand)
  a - a +1 club (alternate weapon; not wielded)
 Armor    ('[')
  p - an uncursed +0 orcish helm (being worn)
  o - an uncursed +0 bronze plate mail (being worn)
 Comestibles  ('%')
  q - an uncursed tripe ration
 Scrolls  ('?')
  h - an uncursed scroll of enchant armor
  i - an uncursed scroll of light
 Spellbooks  ('+')
  u - an uncursed spellbook of confuse monster
 Potions  ('!')
  j - 3 uncursed potions of healing
  v - an uncursed potion of sickness
 Rings    ('=')
  m - a cursed ring of hunger
  n - an uncursed -1 ring of increase damage (on left hand)
  k - an uncursed +3 ring of protection (on right hand)
 Wands    ('/')
  g - a wand of enlightenment (0:13)
  l - a wand of lightning (0:5)
  y - a wand of locking (0:4)
  r - a wand of make invisible (0:8)
  s - a wand of sleep (0:6)
 Tools    ('(')
  x - a cursed blindfold
  w - an uncursed skeleton key
 Gems/Stones  ('*')
  c - 20 uncursed flint stones (in quiver pouch)

BaeHund the Cavewoman's attributes:

Background:
 You were an Aborigine, a level 4 gnomish Cavewoman.
 You were neutral, on a mission for Ishtar
 who was opposed by Anu (lawful) and Anshar (chaotic).
 You were right-handed.
 You were in the Gnomish Mines, on level 5.
 You entered the dungeon 1443 turns ago.
 You had 80 experience points, 80 more were needed to attain level 5.

Basics:
 You had 0 out of 32 hit points.
 You had all 15 energy points (spell power).
 Your armor class was 0.
 Your wallet contained 23 zorkmids.
 Autopickup was off.

Final Characteristics:
 Your strength was 18/10 (limit:18/50).
 Your dexterity was 10 (limit:18).
 Your constitution was 17 (limit:18).
 Your intelligence was 10 (limit:19).
 Your wisdom was 8 (limit:18).
 Your charisma was 10 (limit:18).

Final Status:
 You weren't hungry.
 You were unencumbered.
 You were wielding a sling.
 You had basic skill with sling.

Final Attributes:
 You were devoutly aligned.
 You had infravision.
 You had a small damage penalty (-1).
 You had a small defense bonus (+3).
 You were guarded.
 You are dead.

Miscellaneous:
 You encountered 1 bones level.
 Total elapsed playing time was 28 minutes and 55 seconds.

Major events:
 Turn
    1: BaeHund the neutral gnomish Cavewoman entered the dungeon
  939: entered the Gnomish Mines
  954: attained the rank of Aborigine (level 3)
 1443: killed by a fire ant

You didn't know any spells.

Skills:
 Fighting Skills
   bare handed combat [Basic]
 Weapon Skills
   dagger             [Unskilled]
   knife              [Unskilled]
   axe                [Unskilled]
   pick-axe           [Unskilled]
   club               [Basic]
   mace               [Unskilled]
   morning star       [Unskilled]
   flail              [Unskilled]
   hammer             [Unskilled]
   quarterstaff       [Unskilled]
   polearms           [Unskilled]
   spear              [Unskilled]
   trident            [Unskilled]
   bow                [Unskilled]
   sling              [Basic]
   boomerang          [Unskilled]
   unicorn horn       [Unskilled]
 Spellcasting Skills
   attack spells      [Unskilled]
   matter spells      [Unskilled]

Voluntary challenges:
 Character rerolling was not enabled.
 You were illiterate.
 You never genocided any monsters.
 You never polymorphed an object.
 You never changed form.
 You used no wishes.
Achievements:
 You entered a shop.
 You entered the Gnomish Mines.
 You attained the rank of Aborigine.

 The Dungeons of Doom: levels 1 to 3
    Level 1:
    Level 2:
       A general store, a sink.
    Level 3:
       Stairs down to The Gnomish Mines.
 The Gnomish Mines: levels 4 to 5
    Level 4:
    Level 5: <- You were here.
       A grave.
       Final resting place for
          you, killed by a fire ant,
          Gary-Sam-Hum-Mal-Law, killed by a fire ant.


Vanquished creatures:
 an Uruk-hai
  a little dog
  a floating eye
  2 dwarves
  a homunculus
  a wererat
  a werejackal
 an iguana
  a hobbit
  a giant rat
  a yellow mold
  a red mold
  2 gnomes
  6 jackals
  2 goblins
  a sewer rat
  3 grid bugs
  3 lichens
  2 kobold zombies
  5 newts
37 creatures vanquished.

No species were genocided or became extinct.

Game over:
                       ----------
                      /          \
                     /    REST    \
                    /      IN      \
                   /     PEACE      \
                  /                  \
                  |     BaeHund      |
                  |      23 Au       |
                  | killed by a fire |
                  |       ant        |
                  |                  |
                  |                  |
                  |       2026       |
                 *|     *  *  *      | *
        _________)/\\_//(\/(/\)/\//\/|_)_______

Goodbye BaeHund the Cavewoman...

You died in The Gnomish Mines on dungeon level 5 with 541 points,
and 23 pieces of gold, after 1443 moves.
You were level 4 with a maximum of 32 hit points when you died.

